 Seeded DCSS version 0.30-a0-743-gbfdf073431 (webtiles) character file.

Game seed: 20230208 (custom seed)

11 a11behringer the Conjurer (level 2, 0/14 (17) HPs)
             Began as a Tengu Reaver on Feb 8, 2023.
             Slain by a gnoll
             ... wielding a +0 spear
              (4 damage)
             ... on level 1 of the Dungeon.
             The game lasted 00:00:44 (133 turns).

a11behringer the Conjurer (Tengu Reaver)             Turns: 133, Time: 00:00:44

HP:   0/14 (17)     AC:  3    Str: 12    XL:     2   Next: 25%
MP:   5/6           EV: 12    Int: 13    God:
Gold: 37            SH:  0    Dex: 12    Spells: 4/5 levels left

rFire   . . .      SeeInvis .    a - +0 falchion
rCold   . . .      Faith    .    (no shield)
rNeg    . . .      Spirit   .    b - +0 leather armour
rPois   .          Reflect  .    (helmet restricted)
rElec   .          Harm     .    (no cloak)
rCorr   .          Rampage  .    (no gloves)
Will    .....                    (boots unavailable)
Stlth   +                        (no amulet)
HPRegen 0.22/turn                (no ring)
MPRegen 0.10/turn                (no ring)

@: heavily drained
A: beak, talons 3
a: no special abilities


You were on level 1 of the Dungeon.
You visited 1 branch of the dungeon, and saw 1 of its levels.

You collected 37 gold pieces.

Inventory:

Hand Weapons
 a - a +0 falchion (weapon)
Armour
 b - a +0 leather armour (worn)
Scrolls
 c - a scroll of fear {unknown}
 d - a scroll of noise {unknown}
Potions
 e - a potion of ambrosia {unknown}
 f - a potion of curing {unknown}


   Skills:
 + Level 2.1 Fighting
 * Level 3.6 Long Blades
 + Level 2.3 Dodging
 + Level 2.1 Spellcasting
 + Level 4.2 Conjurations


You had 4 spell levels left.
You knew the following spells:

 Your Spells              Type           Power      Damage    Failure   Level
a - Kiss of Death         Conj/Necr      24%        2d7       14%         1

Your spell library contained the following spells:

 Spells                   Type           Power      Damage    Failure   Level
 Momentum Strike          Conj/Tloc      12%        3d8       21%         2
 Hailstorm                Conj/Ice       6%         3d4       38%         3
 Animate Armour           Summ/Erth      2%         N/A       97%         4
 Blade Hands              Tmut           0%         N/A       100%        5
 Iron Shot                Conj/Erth      3%         9d2       100%        6


Dungeon Overview and Level Annotations

Branches:
Dungeon (1/15)

Altars:


Innate Abilities, Weirdness & Mutations

You have a beak for a mouth.
You have claws for feet.


Message History

You closely miss the kobold. The ball python misses you.
The ball python grabs you. The ball python constricts you.
The kobold hits you with a +0 short sword.
The ball python bites you but does no damage.
The ball python constricts you.
You hit the ball python.
You kill the ball python!
The kobold barely misses you.
A gnoll comes into view. It is wielding a +0 spear.
You hit the hobgoblin. You claw the hobgoblin.
You kill the hobgoblin!
The kobold barely misses you.
You hit the kobold.
The kobold is moderately wounded.
The kobold closely misses you.
You hit the kobold but do no damage.
The kobold is moderately wounded.
The kobold hits you with a +0 short sword.
You hit the kobold.
You kill the kobold!
The gnoll hits you from afar with a +0 spear.
You see here a hobgoblin corpse.
You are too injured to fight recklessly!
You are too injured to fight recklessly!
You are too injured to fight recklessly!
You are too injured to fight recklessly!
The gnoll hits you with a +0 spear.
* * * LOW HITPOINT WARNING * * *
You are too injured to fight recklessly!
You are too injured to fight recklessly!
You are too injured to fight recklessly!
Casting: Kiss of Death (safe; 14% risk of failure)
Confirm with . or Enter, or press ? or * to list all spells.
Aiming: Kiss of Death (safe; 14% risk of failure)
Press: ? - help, Shift-Dir - straight line, f - gnoll
Aim: a gnoll, wielding a +0 spear (100% to hit)
The negative energy hits the gnoll!
The gnoll is drained!
The gnoll is almost dead.
You feel drained. The gnoll hits you with a +0 spear.
You die...

.........+ .........#
.........#
.........#######
...............##
.....$...........
.................
#..g@.........
#####†).......
#......... ... .....
##......... ....##
.......#..).####).
....#.
........#....######
......
...........#..........
......
...........#..........
.....P
.....................
#...


You could see a gnoll (very drained).

Vanquished Creatures
  2 ball pythons (D:1)
  An endoplasm (D:1)
  3 hobgoblins (D:1)
  A bat (D:1)
  A frilled lizard (D:1)
  2 kobolds (D:1)
  A rat (D:1)
11 creatures vanquished.

Notes
Turn   | Place    | Note
-------+----------+-------------------------------------------
     0 | D:1      | a11behringer the Tengu Reaver began the quest for the Orb.
     0 | D:1      | Reached XP level 1. HP: 12/12 MP: 4/4
   115 | D:1      | Reached XP level 2. HP: 17/17 MP: 6/6
   133 | D:1      | Slain by a gnoll

Illustrated notes

Levels and vault maps discovered:
D:1:      dpeg_arrival_orchard, layout_basic, bh_walls_and_bars

Action                     || total
---------------------------++-------
  Melee: Falchion          ||    23
         Kick              ||     5
         Peck              ||     4
         Punch             ||     1
   Cast: Kiss of Death     ||     1
 Armour: Leather armour    ||     2
  Dodge: Dodged            ||    19

Table legend: (Time is in decaauts)
 A = Elapsed time spent in this place.
 B = Non-inter-level travel time spent in this place.
 C = Inter-level travel time spent in this place.
 D = Time resting spent in this place.
 E = Time spent auto-exploring this place.
 F = Levels seen in this place.
 G = Mean time per level.
                   A        B        C        D        E       F      G
               +--------+--------+--------+--------+--------+-----+--------+
         Total |    135 |    132 |      3 |      0 |     71 |   1 |  135.0 |
       Dungeon |    135 |    132 |      3 |      0 |     71 |   1 |  135.0 |
               +--------+--------+--------+--------+--------+-----+--------+

Top non-repeatable levels by time:
     D:1: 135 daAuts
